 Dungeon Crawl Stone Soup version 0.19-a0-892-g8a19e52 (webtiles) character file.

1855 Moloch the Grappler (level 8, -8/63 HPs)
             Began as a Red Draconian Fighter on July 4, 2016.
             Was a Follower of Qazlal.
             Killed by divine providence
             ... invoked by an orc priest
              (12 damage)
             ... on level 6 of the Dungeon.
             The game lasted 00:11:09 (5512 turns).

Moloch the Grappler (Red Draconian Fighter)         Turns: 5512, Time: 00:11:10

Health: -8/63      AC:  8    Str: 19    XL:     8   Next: 89%
Magic:  8/8        EV: 10    Int:  9    God:    Qazlal [*.....]
Gold:   236        SH: 10    Dex: 12    Spells: 0 memorised, 7 levels left

rFire  + . .     SeeInvis .       - Unarmed
rCold  . . .     Gourm    .     (armour unavailable)
rNeg   . . .     Faith    .     a - +0 shield
rPois  .         Spirit   .     (helmet restricted)
rElec  .         Dismiss  .     (no cloak)
rCorr  +         Reflect  .     i - +0 pair of gloves (curse)
SustAt .         Harm     .     h - +0 pair of boots
MR     .....                    (no amulet)
Stlth  +.........               (no ring)
                                v - ring of resist corrosion

@: short of breath, not resistant to hostile enchantments, very unstealthy
A: breathe fire, unfitting armour, fire resistance 1, cold-blooded, AC +6
a: Breathe Fire, Renounce Religion


You were on level 6 of the Dungeon.
You worshipped Qazlal.
Qazlal was aware of your devotion.
You were hungry.

You visited 2 branches of the dungeon, and saw 7 of its levels.
You also visited: Sewer.

You collected 236 gold pieces.

Inventory:

Missiles
 j - 8 javelins (quivered)
Armour
 a - a +0 shield (worn)
 h - a +0 pair of boots (worn)
 i - a cursed +0 pair of gloves (worn)
Jewellery
 v - a ring of resist corrosion (left hand)
Wands
 n - a wand of slowing (24/48)
Scrolls
 f - a scroll of fear {unknown}
 k - 6 scrolls of identify {unknown}
 l - 6 scrolls of remove curse {unknown}
 m - a scroll of enchant armour {unknown}
 o - a scroll of blinking {unknown}
 q - a scroll of immolation {unknown}
 r - 2 scrolls of teleportation {unknown}
 t - a scroll of recharging {unknown}
Potions
 b - a potion of might
 d - a potion of berserk rage {unknown}
 e - 4 potions of heal wounds
 g - 17 potions of curing {unknown}
 p - 5 potions of flight {unknown}
 s - 4 potions of agility {unknown}
 u - 3 potions of brilliance {unknown}
Comestibles
 c - 5 bread rations
 x - 2 royal jellies


   Skills:
 + Level 3.5 Fighting
 - Level 2.6 Dodging
 * Level 3.3 Shields
 * Level 11.4 Unarmed Combat


You had 7 spell levels left.
You didn't know any spells.

Dungeon Overview and Level Annotations

Branches:
Dungeon (6/15)             Temple (1/1) D:4

Altars:
Ashenzari
Cheibriados
Dithmenos
Fedhas
Hepliaklqana
Kikubaaqudgha
Nemelex Xobeh
Qazlal
Sif Muna
Uskayaw
Xom
Yredelemnul
The Shining One

Shops:
D:4 *


Innate Abilities, Weirdness & Mutations

You can breathe blasts of fire.
Your fiery red scales are hard. (AC +6)
Your body does not fit into most forms of armour.
Your flesh is heat resistant. (rF+)
You are cold-blooded and may be slowed by cold attacks.


Message History

The orc warrior is engulfed in roaring flames.
You kill the orc warrior!
Qazlal accepts your kill. You block the orc warrior's attack.
Unknown command.
You hit the orc warrior.
You kill the orc warrior!
Qazlal accepts your kill.
You are feeling hungry.
Things that are here:
a flail; a chain mail; an orc corpse The orc priest mumbles some strange prayers to Beogh against you.
Pain shoots through your body!
* * * LOW HITPOINT WARNING * * *
Things that are here:
a glaive; a chain mail; an orc corpse You closely miss the orc priest.
The orc priest mumbles some strange prayers to Beogh against you.
Beogh smites you!
You die...

.o.......#
#.############.#
########o# #.#
#...# #.# #.#
#.#.# #.# #.#
##'### #.# #.#
#♣...♣# #o# #.#
#.....# #.# #.#
#♣...♣#
#.########)#
#.....#
#.......o@.#
###_###
############ ###


You could see an orc priest.

Vanquished Creatures
  Duvessa (D:5)
  2 orc warriors (D:6)
  A sky beast (D:5)
  2 ogres (D:5)
  A black bear (D:4)
  3 centaurs (D:5)
  3 big kobolds (Sewer)
  A giant frog (D:2)
  Dowan (D:5)
  3 crimson imps (D:5)
  2 jellies (D:5)
  A gnoll shaman (D:5)
  An orc priest (D:6)
  An iguana (D:4)
  4 orc wizards
  2 worker ants (D:5)
  A worker ant zombie (D:5)
  7 adders
  3 gnolls (D:5)
  A howler monkey skeleton (D:5)
  3 river rats (Sewer)
  A shadow imp (D:5)
  2 oozes
  An adder skeleton (D:4)
  A worm (D:2)
  4 dart slugs
  A giant gecko (D:5)
  7 orcs
  6 ball pythons (Sewer)
  2 bats
  3 giant cockroaches
  A goblin (D:1)
  7 hobgoblins
  2 jackals (D:2)
  7 quokkas
  3 giant newts
  A jackal zombie (D:4)
  15 kobolds
  A quokka skeleton (D:6)
  28 rats
137 creatures vanquished.

Notes
Turn   | Place    | Note
-------+----------+-------------------------------------------
     0 | D:1      | Moloch the Draconian Fighter began the quest for the Orb.
     0 | D:1      | Reached XP level 1. HP: 19/19 MP: 1/1
   205 | D:1      | Reached XP level 2. HP: 23/26 MP: 2/2
   512 | D:1      | Reached skill level 3 in Unarmed Combat
   809 | D:2      | Reached XP level 3. HP: 22/31 MP: 3/3
  1162 | D:2      | Reached skill level 4 in Unarmed Combat
  1371 | D:3      | Noticed a giant frog
  1385 | D:2      | Killed a giant frog
  1385 | D:2      | Reached skill level 5 in Unarmed Combat
  1385 | D:2      | Reached XP level 4. HP: 9/38 MP: 4/4
  1786 | D:2      | Reached XP level 5. HP: 32/45 MP: 5/5
  2113 | D:3      | Reached skill level 6 in Unarmed Combat
  2672 | D:4      | Found Zeb Risu's General Store.
  2753 | D:4      | Reached XP level 6. HP: 43/51 MP: 6/6
  2843 | D:4      | Found a glowing drain.
  2852 | Sewer    | Entered a sewer
  3300 | Sewer    | Reached skill level 7 in Unarmed Combat
  3528 | Sewer    | Your scales start taking on a fiery red colour.
  3528 | Sewer    | Reached XP level 7. HP: 41/57 MP: 7/7
  3528 | Sewer    | Gained mutation: Your flesh is heat resistant. (rF+) [Red Draconian growth]
  3531 | Sewer    | Reached skill level 8 in Unarmed Combat
  3780 | D:4      | Found a staircase to the Ecumenical Temple.
  4170 | D:5      | Entered Level 5 of the Dungeon
  4258 | Temple   | Entered the Ecumenical Temple
  4311 | Temple   | Became a worshipper of Qazlal Stormbringer
  4440 | D:5      | Reached skill level 9 in Unarmed Combat
  4563 | D:5      | Found a hazy altar of Hepliaklqana.
  4569 | D:5      | Reached XP level 8. HP: 47/63 MP: 8/8
  4671 | D:5      | Reached skill level 10 in Unarmed Combat
  4709 | D:5      | Noticed Duvessa
  4709 | D:5      | Noticed Dowan
  4726 | D:5      | Killed Dowan
  4757 | D:5      | Killed Duvessa
  5097 | D:5      | Reached * piety under Qazlal
  5167 | D:5      | Reached skill level 11 in Unarmed Combat
  5202 | D:5      | Found a shimmering altar of Xom.
  5390 | D:6      | Found a glowing golden altar of the Shining One.
  5512 | D:6      | Killed from afar by an orc priest

Vault maps used:
D:1:      lightli_arrival_statuegarden, minivault_26, corexii_leaking_fountain
D:4:      black_bear_nest_1, portal_sewer_entry_d, serial_shops,
          nicolae_shop_trees, solitary_fountain, minmay_crossroads
D:5:      old_standard_altar, kennysheep_little_box, first_bread, uniq_duvessa
D:6:      nicolae_overflow_crystal_walls, tso_altar, kennysheep_mini_moat,
          minivault_24, uniq_eustachio
Temple:   jpeg_temple_alley_garden
Sewer:    sewer_minmay_treatment

Skill      XL: |  1  2  3  4  5  6  7  8 |
---------------+-------------------------+-----
Unarmed Combat | 3 5 6 7 9 11 | 11.4
Fighting       | |  3.5
Dodging        | |  2.6
Shields        | |  3.3

Action                   |  1- 3 |  4- 6 |  7- 9 || total
-------------------------+-------+-------+-------++-------
Melee: Unarmed           |   117 |   248 |   137 ||   502
       Tailslap          |    19 |    23 |    22 ||    64
 Abil: Breathe Fire      |       |       |    13 ||    13
  Use: Potion            |       |     4 |       ||     4
 Stab: Sleeping          |     3 |       |     1 ||     4
  Eat: Chunk             |     2 |     7 |     8 ||    17
Armor: Skin              |    28 |    73 |    26 ||   127
Dodge: Dodged            |    44 |    93 |    46 ||   183
Block: Shield            |    48 |   118 |    40 ||   206
